 Dungeon Crawl Stone Soup version 0.29.0-4-gdea44cf6ec (webtiles) character file.

Game seed: 8679204692678413152

53 qw the Chopper (level 3, -1/21 HPs)
             Began as a Tengu Warper on Aug 29, 2022.
             Slain by an adder (2 damage)
             ... on level 2 of the Dungeon.
             The game lasted 00:00:24 (1289 turns).

qw the Chopper (Tengu Warper)                       Turns: 1289, Time: 00:00:24

Health: -1/21      AC:  3    Str: 13    XL:     3   Next: 87%
Magic:  7/7        EV: 10    Int: 13    God:
Gold:   62         SH:  8    Dex: 13    Spells: 6/6 levels left

rFire   . . .      SeeInvis .   Y - +0 hand axe
rCold   . . .      Faith    .   j - +0 kite shield
rNeg    . . .      Spirit   .   b - +0 leather armour
rPois   .          Reflect  .   (helmet restricted)
rElec   .          Harm     .   (no cloak)
rCorr   .          Rampage  .   (no gloves)
Will    .....                   (boots unavailable)
Stlth   +.........              (no amulet)
HPRegen 0.07/turn               (no ring)
MPRegen 0.10/turn               (no ring)

@: lethally poisoned (-1 -> -8), about to teleport
A: beak, talons 3
a: no special abilities


You were on level 2 of the Dungeon.
You visited 1 branch of the dungeon, and saw 2 of its levels.

You collected 62 gold pieces.


Innate Abilities, Weirdness & Mutations

You have a beak for a mouth.
You have claws for feet.


   Skills:
 - Level 2.0 Fighting
 + Level 3.6 Axes
 - Level 1.0 Throwing
 - Level 1.1 Armour
 - Level 2.1 Dodging
 - Level 2.1 Shields
 - Level 2.0 Spellcasting
 - Level 2.4 Translocations


You had 6 spell levels left.
You didn't know any spells.
Your spell library contained the following spells:

 Spells                   Type           Power      Damage    Failure   Level
 Blink                    Tloc           14%        N/A       52%         2
 Gell's Gravitas          Tloc           7%         N/A       77%         3
 Lesser Beckoning         Tloc           7%         N/A       77%         3
 Teleport Other           Tloc           7%         N/A       77%         3
 Manifold Assault         Tloc           7%         N/A       100%        5

Inventory:

Hand Weapons
 f - a +0 mace
 Y - a +0 hand axe (weapon)
Armour
 b - a +0 leather armour (worn)
 j - a +0 kite shield (worn)
Scrolls
 a - a scroll of amnesia {unknown}
Potions
 d - a potion of heal wounds {unknown}
 e - a potion of might {unknown}

Dungeon Overview and Level Annotations

Branches:
Dungeon (2/15)

Altars:


Message History

The adder is severely wounded.
You hit the adder.
You feel sick. The adder completely misses you. The adder bites you.
You block the adder's attack.
You closely miss the adder. Your kick misses the adder.
The adder is severely wounded.
You barely miss the adder.
You feel sick.
You are no longer poisoned.
The adder bites you but does no damage. x2
You slash the adder!
You kill the adder!
You hit the adder.
You hit the ball python but do no damage.
You block the adder's attack.
The ball python bites you but does no damage.
The ball python grabs you. The ball python constricts you.
You block the adder's attack.
The ball python bites you but does no damage.
The ball python constricts you.
Your Shields skill increases to level 2!
You closely miss the ball python. You peck the ball python.
You kill the ball python!
You completely miss the adder. The adder bites you.
You are poisoned.
The adder poisons you! You block the quokka's attack. The adder bites you.
You are lethally poisoned!
The adder poisons you!
You barely miss the adder.
The adder is severely wounded.
You hit the quokka.
You feel very sick. The adder barely misses you. The quokka bites you.
1289 ||| READING scroll of teleportation.
As you read the scroll of teleportation, it crumbles to dust.
You feel strangely unstable.
You feel sick. You block the adder's attack. The quokka closely misses you.
The adder bites you.
You die...

#............###.#
#...........#########
#.......)............
########...########..
#..###### #.......#
#..####..# ####>S####
#....@%..#
#.....r......
#.........###
#.........#
#.........#
#...........
#.........#..
#########.#..


You could see an adder and a quokka.

Vanquished Creatures
  2 adders (D:2)
  2 worms (D:2)
  2 dart slugs
  A bat (D:1)
  3 endoplasms
  3 goblins
  5 hobgoblins
  3 ball pythons
  4 frilled lizards (D:1)
  A kobold (D:1)
  A rat (D:1)
27 creatures vanquished.

Notes
Turn   | Place    | Note
-------+----------+-------------------------------------------
     0 | D:1      | qw the Tengu Warper began the quest for the Orb.
     0 | D:1      | Reached XP level 1. HP: 12/12 MP: 4/4
     0 | D:1      | 0 ||| qw: Version: 0.1-a-89-g26bdef1
     0 | D:1      | 0 ||| qw: Game counter: 3571
     0 | D:1      | 0 ||| qw: Always use a shield: true
     0 | D:1      | 0 ||| qw: God list: Okawaru
     0 | D:1      | 0 ||| qw: Allow faded altars: false
     0 | D:1      | 0 ||| qw: Do Orc after D:15 true
     0 | D:1      | 0 ||| qw: Do second Lair branch before Depths: true
     0 | D:1      | 0 ||| qw: Lair rune preference: random
     0 | D:1      | 0 ||| qw: Plans: Normal
     0 | D:1      | 0 ||| PLANNING D:1-11
   145 | D:1      | Reached skill level 3 in Axes
   145 | D:1      | Reached XP level 2. HP: 16/17 MP: 6/6
   837 | D:1      | 837 ||| UPGRADING to +0 kite shield.
   842 | D:1      | 842 ||| READING scroll labelled EPUQOY ACAS.
   846 | D:1      | 846 ||| READING scroll labelled AROOPSETEH.
   947 | D:1      | 947 ||| READING scroll labelled WOBLECO OTOPO.
   948 | D:1      | 948 ||| DROPPING scroll of blinking.
   976 | D:2      | Reached skill level 1 in Shields
   976 | D:2      | Reached XP level 3. HP: 13/21 MP: 7/7
   976 | D:2      | 976 ||| STAIRDANCE
  1146 | D:2      | 1146 ||| Stepping ~*~*~tactically~*~*~ (stealth).
  1207 | D:2      | 1207 ||| Stepping ~*~*~tactically~*~*~ (stealth).
  1288 | D:2      | HP: 5/21 [poisoned by an adder]
  1289 | D:2      | 1289 ||| READING scroll of teleportation.
  1289 | D:2      | HP: 1/21 [poisoned by an adder]
  1289 | D:2      | Slain by an adder

Levels and vault maps discovered:
D:1:      minmay_arrival_four_loops, layout_loops_ring, kennysheep_doodads
D:2:      layout_rooms, dreamdust_ecumenical_altar_hidden_monk_grotto,
          st_stairs_3, kennysheep_generic_room_5, uniq_sigmund

Skill      XL: |  1  2  3 |
---------------+----------+-----
Axes           | 3 |  3.6
Shields        | 1 2 |  2.1
Fighting       | |  2.0
Throwing       | |  1.0
Armour         | |  1.1
Dodging        | |  2.1
Spellcasting   | |  2.0
Translocations | |  2.4

Action                   || total
-------------------------++-------
Melee: Hand axe          ||    46
       Peck              ||    10
       Kick              ||    13
Throw: Boomerang         ||     7
  Use: Scroll            ||     4
Armor: Leather armour    ||    11
Dodge: Dodged            ||    17
Block: Kite shield       ||     8

Table legend:
 A = Non-vault XP
 B = Vault XP
 C = Vault XP percentage of total XP
 D = Non-vault monster count
 E = Vault monster count
 F = Vault count percentage of total count
                 A         B        C        D         E       F
            +---------+---------+-------+---------+---------+-------
      Total |      62 |      14 |  18.4 |      25 |       2 |   7.4
            +---------+---------+-------+---------+---------+-------
        D:1 |      29 |       0 |   0.0 |      17 |       0 |   0.0
        D:2 |      33 |      14 |  29.8 |       8 |       2 |  20.0
            +---------+---------+-------+---------+---------+-------
